 Dungeon Crawl Stone Soup version 0.29-a0-1027-gcd8c55af63 (webtiles) character file.

Game seed: 3862508659678604445

8547 bladeefan the Grappler (level 11, -14/113 HPs)
             Began as a Troll Monk on Aug 13, 2022.
             Demolished by a white ugly thing (25 damage)
             ... on level 11 of the Dungeon.
             The game lasted 00:15:26 (8438 turns).

bladeefan the Grappler (Troll Monk)                 Turns: 8438, Time: 00:15:26

Health: -14/113    AC:  4    Str: 25    XL:     11   Next: 11%
Magic:  10/10      EV: 13    Int:  6    God:
Gold:   496        SH:  0    Dex: 12    Spells: 10/10 levels left

rFire   . . .      SeeInvis +     - Unarmed
rCold   . . .      Faith    .   (no shield)
rNeg    . . .      Spirit   .   a - +0 robe
rPois   .          Reflect  .   (helmet restricted)
rElec   .          Harm     .   (no cloak)
rCorr   +          Rampage  .   (gloves unavailable)
Will    .....                   (boots unavailable)
Stlth   ++........              (no amulet)
HPRegen 1.08/turn               z - ring of see invisible
MPRegen 0.12/turn               e - ring of resist corrosion

@: no status effects
A: large, unfitting armour, claws 3, regeneration 1, shaggy fur 1, tough skin 1
a: no special abilities


You were on level 11 of the Dungeon.
You visited 2 branches of the dungeon, and saw 12 of its levels.

You collected 496 gold pieces.

Inventory:

Missiles
 G - a throwing net (quivered) {!f}
Armour
 a - a +0 robe (worn)
Jewellery
 e - a ring of resist corrosion (right claw)
   (You found it on level 10 of the Dungeon)
 i - a ring of positive energy
   (You found it on level 1 of the Dungeon)
 z - a ring of see invisible (left claw)
   (You found it on level 7 of the Dungeon)
 J - a ring of willpower
   (You found it on level 11 of the Dungeon)
Wands
 x - a wand of acid (24)
   (You found it on level 6 of the Dungeon)
 E - a wand of charming (5)
   (You found it on level 9 of the Dungeon)
 I - a wand of polymorph (7)
   (You found it on level 10 of the Dungeon)
Scrolls
 f - 2 scrolls of brand weapon
 g - 3 scrolls of teleportation {@r4}
 h - a scroll of amnesia {unknown}
 j - 2 scrolls of poison {!r}
 k - 2 scrolls of fear
 l - 6 scrolls of enchant weapon
 m - a scroll of enchant armour
 v - 2 scrolls of magic mapping
 y - a scroll of immolation {unknown}
 A - a scroll of silence
 C - 2 scrolls of fog {unknown}
 D - a scroll of vulnerability {unknown}
 H - a scroll of torment {unknown}
Potions
 b - a potion of ambrosia
 c - 6 potions of haste {@q3}
 d - a potion of might {unknown}
 n - 2 potions of mutation {!q}
 o - a potion of resistance {unknown}
 p - a potion of berserk rage {unknown}
 q - a potion of magic {unknown}
 r - 3 potions of curing {unknown}
 t - a potion of brilliance {unknown}
 u - a potion of cancellation {unknown}
 w - a potion of lignification {unknown}
 B - 3 potions of attraction {unknown}
 F - 2 potions of flight {unknown}


   Skills:
 + Level 8.8 Fighting
 + Level 8.9 Dodging
 - Level 1.0 Stealth
 + Level 10.5 Unarmed Combat


You had 10 spell levels left.
You didn't know any spells.
Your spell library contained the following spells:

 Spells                   Type           Power      Damage    Failure   Level
 Apportation              Tloc           0%         N/A       45%         1
 Magic Dart               Conj           0%         1d3       45%         1
 Call Imp                 Summ           0%         N/A       58%         2
 Poisonous Vapours        Pois/Air       0%         N/A       58%         2
 Mephitic Cloud           Conj/Pois/Air  0%         N/A       83%         3
 Animate Dead             Necr           0%         N/A       99%         4
 Alistair's Intoxication  Tmut/Pois      0%         N/A       100%        5
 Haunt                    Necr/Summ      0%         N/A       100%        7
 Storm Form               Tmut/Air       0%         N/A       100%        7
 Infestation              Necr           0%         N/A       100%        8


Dungeon Overview and Level Annotations

Branches:
Dungeon (11/15)            Temple (1/1) D:7            Lair (0/5) D:10
    Orc: D:9-12

Altars:
Ashenzari
Cheibriados
Dithmenos
Elyvilon
Fedhas
Gozag
Hepliaklqana
Kikubaaqudgha
Makhleb
Nemelex Xobeh
Okawaru
Qazlal
Ru
Sif Muna
Uskayaw
Vehumet
Wu Jian
Xom
Yredelemnul
Zin
The Shining One

Shops:
D:2 (


Innate Abilities, Weirdness & Mutations

You are too large for most types of armour.
You have claws for hands.
Your natural rate of healing is unusually fast.
You are covered in fur. (AC +1)
You have tough skin. (AC +1)


Message History

No target in view!
Things that are here:
a +1 short sword of speed; a curare-tipped dart {!f}
J - a ring of willpower A boulder beetle comes into view.
A boulder beetle is nearby!
You hear the loud beating of a very distant drum.
The boulder beetle leaps!
No target in view!
The boulder beetle bites you!!
You hear a horrible gurgling sound!
You mangle the boulder beetle!!
You hear a shout!
The boulder beetle bites you.
You claw the boulder beetle! The boulder beetle bites you!!
You mangle the boulder beetle!! You claw the boulder beetle!
The boulder beetle leaps!
A white ugly thing comes into view.
The white ugly thing gurgles horribly!
The boulder beetle waves its antennae.
You mangle the boulder beetle!! You claw the boulder beetle.
You kill the boulder beetle!
The white ugly thing barely misses you.
You claw the white ugly thing! The white ugly thing trunk-slaps you.
The white ugly thing freezes you!
* * * LOW HITPOINT WARNING * * *
You barely miss the white ugly thing.
The white ugly thing trunk-slaps you but does no damage.
You scratch the white ugly thing but do no damage.
The white ugly thing trunk-slaps you.
* * * LOW HITPOINT WARNING * * *
The white ugly thing freezes you!!
* * * LOW HITPOINT WARNING * * *
You claw the white ugly thing! The white ugly thing trunk-slaps you.
* * * LOW HITPOINT WARNING * * *
The white ugly thing freezes you!!
* * * LOW HITPOINT WARNING * * *
You feel much better. The white ugly thing barely misses you.
You closely miss the white ugly thing. You claw the white ugly thing!
The white ugly thing trunk-slaps you!
* * * LOW HITPOINT WARNING * * *
The white ugly thing freezes you!
* * * LOW HITPOINT WARNING * * *
The white ugly thing closely misses you.
The white ugly thing attacks as you move away!
The white ugly thing misses you. The white ugly thing trunk-slaps you.
* * * LOW HITPOINT WARNING * * *
The white ugly thing freezes you!!
You die...

#### ...##
#############.....
#...............#
####.############..#
##....# .# ##...###
.. ######....u#### #
#..........@..# #
#.####.....##.# .#
##.))## .#...
##.####...##
##)........#
#.....##...# # #.#
.#####.##.## ....
..# .......#.## ..#
#.# ##....# ###.#
#.#


You could see a white ugly thing.

Vanquished Creatures
  A boulder beetle (D:11)
  2 two-headed ogres
  The ghost of SkeletonJelly the Cleaver, a novice FoFi (D:6)
  2 tengu conjurers (D:10)
  A troll (D:10)
  Grinder (D:6)
  Sigmund (D:6)
  3 yaks (D:9)
  A shadow (D:10)
  3 wraiths
  A wyvern (D:9)
  2 acid dragons
  A water moccasin (D:7)
  2 sky beasts
  An orc warrior (D:10)
  3 ogres
  A wolf (D:10)
  3 centaurs
  2 kobold brigands
  7 necrophages
  2 bullfrogs
  5 wights
  2 scorpions
  2 jellies (D:6)
  6 killer bees (D:9)
  5 electric eels (D:10)
  A howler monkey (D:10)
  2 bullfrog zombies (D:7)
  6 hounds
  A human zombie (D:7)
  A gnoll bouda (D:8)
  7 orc priests
  4 iguanas
  Terence (D:3)
  9 orc wizards
  2 mummies (D:7)
  A howler monkey zombie (D:7)
  4 gnolls
  13 adders
  A shadow imp (D:7)
  A white imp (D:7)
  An ufetubus (D:7)
  A worm (D:3)
  3 dart slugs
  35 orcs
  10 ball pythons
  5 bats
  7 endoplasms
  4 goblins
  12 hobgoblins
  3 jackals (D:4)
  3 quokkas
  15 kobolds
  A rat (D:2)
215 creatures vanquished.

Vanquished Creatures (others)
  A plant (D:5)
1 creature vanquished.

Grand Total: 216 creatures vanquished

Notes
Turn   | Place    | Note
-------+----------+-------------------------------------------
     0 | D:1      | bladeefan the Troll Monk began the quest for the Orb.
     0 | D:1      | Reached XP level 1. HP: 22/22 MP: 0/0
   116 | D:1      | Reached XP level 2. HP: 29/29 MP: 1/1
   505 | D:1      | Found a faded altar of an unknown god.
   817 | D:2      | Found a sparkling altar of Nemelex Xobeh.
   880 | D:2      | Reached XP level 3. HP: 33/36 MP: 2/2
   907 | D:2      | Found Tofos's Antique Weapon Shoppe.
  1663 | D:3      | Reached XP level 4. HP: 45/45 MP: 3/3
  1758 | D:3      | Reached skill level 4 in Unarmed Combat
  1763 | D:3      | Reached XP level 5. HP: 31/53 MP: 4/4
  1888 | D:3      | Noticed Terence
  1896 | D:3      | Killed Terence
  2111 | D:3      | Found a glowing silver altar of Zin.
  2185 | D:4      | Noticed an ogre
  2192 | D:4      | Killed an ogre
  2193 | D:4      | Reached XP level 6. HP: 23/62 MP: 5/5
  2274 | D:4      | Got the Incunable of Mutable Intoxication
  3161 | D:5      | Entered Level 5 of the Dungeon
  3203 | D:5      | Reached skill level 5 in Unarmed Combat
  3243 | D:5      | Reached XP level 7. HP: 53/70 MP: 6/6
  3975 | D:6      | Noticed Grinder
  4037 | D:6      | Paralysed by Grinder for 3 turns
  4067 | D:6      | Killed Grinder
  4068 | D:6      | Reached skill level 5 in Fighting
  4068 | D:6      | Reached skill level 5 in Dodging
  4068 | D:6      | Reached skill level 6 in Unarmed Combat
  4068 | D:6      | Reached XP level 8. HP: 22/80 MP: 7/7
  4193 | D:6      | Noticed a two-headed ogre
  4204 | D:6      | Killed a two-headed ogre
  4205 | D:6      | Reached skill level 7 in Unarmed Combat
  4413 | D:6      | Found a blossoming altar of Fedhas.
  4498 | D:6      | Found a runed translucent door.
  4509 | D:6      | Noticed SkeletonJelly's ghost (novice FoFi)
  4552 | D:6      | Found a hazy altar of Hepliaklqana.
  4657 | D:6      | Noticed Sigmund
  4663 | D:6      | Killed Sigmund
  4664 | D:6      | Reached XP level 9. HP: 82/89 MP: 8/8
  4754 | D:6      | Killed SkeletonJelly's ghost
  4755 | D:6      | Reached skill level 8 in Unarmed Combat
  5254 | D:7      | Found an ancient bone altar of Kikubaaqudgha.
  5563 | D:7      | Found an ornate altar of the Wu Jian Council.
  5617 | D:7      | Found a staircase to the Ecumenical Temple.
  5727 | Temple   | Entered the Ecumenical Temple
  5902 | D:8      | Reached XP level 10. HP: 65/102 MP: 9/9
  5996 | D:8      | You fall into a shaft and drop 1 floor!
  5996 | D:9      | Found a shadowy altar of Dithmenos.
  6024 | D:9      | Reached skill level 9 in Unarmed Combat
  6174 | D:9      | Noticed a two-headed ogre
  6254 | D:8      | HP: 5/104 [two-headed ogre/+0 giant club (25)]
  6257 | D:8      | Killed a two-headed ogre
  6519 | D:9      | HP: 4/104 [wraith (7)]
  6978 | D:10     | Entered Level 10 of the Dungeon
  7261 | D:10     | Reached skill level 10 in Unarmed Combat
  7268 | D:10     | HP: 4/105 [troll (4)]
  7545 | D:10     | Found a staircase to the Lair.
  7907 | D:10     | Reached XP level 11. HP: 72/113 MP: 10/10
  8403 | D:11     | Noticed a boulder beetle
  8414 | D:11     | Noticed a white ugly thing
  8416 | D:11     | Killed a boulder beetle
  8424 | D:11     | HP: 1/113 [white ugly thing (14)]
  8438 | D:11     | Demolished by a white ugly thing

Illustrated notes

Levels and vault maps discovered:
D:1:      sevenhm_arrival_forest_fort_large_4, layout_basic,
          shapermc_ecumenical_altar_mp_vishouse
D:2:      layout_basic, serial_shops, shop, basic_altar
D:3:      layout_rooms, zin_academy, uniq_terence
D:4:      layout_basic
D:5:      layout_basic, minmay_misc_feat_room, guppyfry_early_lair_pool
D:6:      layout_gridville, mainiacjoe_overflow_small_starburst,
          fedhas_ov_isle_minmay, ebering_ghost_sewer_d, uniq_sigmund,
          uniq_grinder
D:7:      layout_basic, lemuel_mausoleum_altar_kikubaaqudgha,
          pdpol_wu_jian_five_deadly_venoms, temple_hall,
          minmay_misc_feat_plants, corner_web_ring
D:8:      layout_loops_cross, mainiacjoe_overflow_six_doors_small, serial_shops,
          shop, minmay_liquid_box, kennysheep_kite_vault, uniq_amaemon
D:9:      layout_rooms, mainiacjoe_overflow_24_doors
D:10:     layout_loops_ring, erik_lair_island
D:11:     layout_loops_ring, gauntlet_entry_generic,
          nicolae_dithmenos_the_darkroom
Temple:   minmay_freezing_vapour_temple

Skill      XL: |  1  2  3  4  5  6  7  8  9 10 |
---------------+-------------------------------+-----
Dodging        | 3 4 5 6 7 8 |  8.9
Fighting       | 3 4 5 6 7 8 |  8.8
Unarmed Combat | 4 5 6 7 8 10 | 10.5
Stealth        | |  1.0

Action                   |  1- 3 |  4- 6 |  7- 9 | 10-12 || total
-------------------------+-------+-------+-------+-------++-------
Melee: Unarmed           |    96 |   117 |   259 |   223 ||   695
       Punch             |     3 |     2 |    14 |    13 ||    32
Throw: Throwing net      |       |       |       |     2 ||     2
  Use: Scroll            |       |     5 |     4 |     6 ||    15
       Potion            |       |       |     1 |     2 ||     3
 Stab: Sleeping          |     6 |     4 |     3 |       ||    13
Armor: Robe              |    37 |    16 |    56 |    42 ||   151
Dodge: Dodged            |    48 |    59 |   123 |   176 ||   406

Table legend: (Time is in decaauts)
 A = Elapsed time spent in this place.
 B = Non-inter-level travel time spent in this place.
 C = Inter-level travel time spent in this place.
 D = Time resting spent in this place.
 E = Time spent auto-exploring this place.
 F = Levels seen in this place.
 G = Mean time per level.
                   A        B        C        D        E       F      G
               +--------+--------+--------+--------+--------+-----+--------+
         Total |   8424 |   8156 |    268 |    858 |   5589 |  12 |  702.0 |
       Dungeon |   8422 |   8155 |    267 |    858 |   5589 |  11 |  765.6 |
        Temple |      1 |      1 |      0 |      0 |      0 |   1 |    1.0 |
               +--------+--------+--------+--------+--------+-----+--------+

Top non-repeatable levels by time:
    D:10: 1224 daAuts
     D:4: 935 daAuts
     D:7: 887 daAuts
     D:9: 872 daAuts
     D:2: 868 daAuts
     D:5: 851 daAuts
     D:6: 830 daAuts
     D:1: 781 daAuts
     D:3: 561 daAuts
     D:8: 480 daAuts
    D:11: 129 daAuts
  Temple: 1 daAuts
